 Dungeon Crawl Stone Soup version 0.31.0-9-g3a7656b989 (webtiles) character file.

Game seed: 16407249078636754650

49 qw the Shooter (level 3, 0/18 HPs)
             Began as a Spriggan Hunter on Feb 2, 2024.
             Succumbed to a scorpion's poison
             ... on level 3 of the Dungeon.
             The game lasted 00:00:04 (1001 turns).

qw the Shooter (Spriggan Hunter)                    Turns: 1001, Time: 00:00:04

Health: 0/18       AC:  2    Str:  7    XL:     3   Next: 53%
Magic:  4/4        EV: 19    Int: 10    God:
Gold:   125        SH:  5    Dex: 20    Spells: 2/2 levels left

rFire   + . .        a - +1 shortbow
rCold   . . .        (shield currently unavailable)
rNeg    . . .        c - +0 robe
rPois   .            (helmet restricted)
rElec   .            (no cloak)
rCorr   .            (gloves unavailable)
SInv    +            (boots unavailable)
Will    .....        i - amulet of reflection
Stlth   ++           f - ring of protection from fire
HPRegen 0.23/turn    (no ring)
MPRegen 0.09/turn

%: reflection
@: lethally poisoned (0 -> -4), very quick
A: very small, no large weapons, unfitting armour, see invisible, speed 3
a: no special abilities


You were on level 3 of the Dungeon.
You visited 1 branch of the dungeon, and saw 3 of its levels.

You collected 125 gold pieces.


Innate Abilities, Weirdness & Mutations

You are very small and have problems with some larger weapons.
You are too small for most types of armour.
You have supernaturally acute eyesight. (SInv)
You cover ground extremely quickly. (Speed+++)


   Skills:
 - Level 1.5 Fighting
 + Level 4.8 Ranged Weapons
 - Level 4.0 Dodging
 - Level 1.5 Stealth


You had 2 spell levels left.
You didn't know any spells.
Your spell library was empty.

Inventory:

Hand Weapons
 a - a +1 shortbow (weapon)
Armour
 c - a +0 robe (worn)
Jewellery
 f - a ring of protection from fire (left hand)
 i - an amulet of reflection (around neck)
Potions
 g - a potion of ambrosia {unknown}
 h - a potion of curing {unknown}
 j - a potion of attraction {unknown}

Dungeon Overview and Level Annotations

Branches:
Dungeon (3/15)

Altars:


Message History

You block the scorpion's attack.
You shoot an arrow. The arrow hits the scorpion.
The scorpion is heavily wounded.
You block the scorpion's attack. The scorpion barely misses you.
You shoot an arrow.
The arrow completely misses the scorpion.
The scorpion closely misses you.
You shoot an arrow.
The arrow hits the scorpion but does no damage.
The scorpion is heavily wounded.
The scorpion stings you but does no damage.
The scorpion stings you!
You shoot an arrow. The arrow hits the scorpion!
The scorpion is almost dead.
The scorpion misses you.
You shoot an arrow. The arrow barely misses the scorpion.
You block the scorpion's attack.
You shoot an arrow.
The arrow hits the scorpion but does no damage.
The scorpion is almost dead.
The scorpion stings you. x2
You are lethally poisoned!
The scorpion poisons you!
You shoot an arrow. The arrow barely misses the scorpion.
You feel very sick. You block the scorpion's attack.
997 ||| DRINKING potion of heal wounds.
You feel much better.
You feel sick. The scorpion stings you.
You shoot an arrow. The arrow closely misses the scorpion.
You feel sick. The scorpion misses you. The scorpion stings you.
You shoot an arrow. The arrow barely misses the scorpion.
You feel sick. You block the scorpion's attack.
You shoot an arrow.
The arrow hits the scorpion but does no damage.
The scorpion is almost dead.
You feel sick.
The scorpion stings you but does no damage.
You shoot an arrow. The arrow hits the scorpion.
You kill the scorpion!
You die...

# #
#.###.#
#..@..#
#..####
#..
....
#.##!
#. #. .
## #


There were no monsters in sight!

Vanquished Creatures
  A scorpion (D:3)
  An adder (D:2)
  3 bats (D:1)
  3 endoplasms
  3 giant cockroaches
  2 hobgoblins
  2 jackals (D:1)
  4 kobolds
  2 quokkas (D:2)
  5 ball pythons (D:1)
  A frilled lizard (D:2)
  5 goblins (D:1)
  2 rats (D:1)
34 creatures vanquished.

Notes
Turn   | Place    | Note
-------+----------+-------------------------------------------
     0 | D:1      | qw the Spriggan Hunter began the quest for the Orb.
     0 | D:1      | Reached XP level 1. HP: 10/10 MP: 2/2
     0 | D:1      | 0 ||| qw: Version: 0.3-a-155-g5e7d8dd
     0 | D:1      | 0 ||| qw: Game counter: 2794
     0 | D:1      | 0 ||| qw: Melee chars always use a shield: true
     0 | D:1      | 0 ||| qw: God list: Okawaru
     0 | D:1      | 0 ||| qw: Allow faded altars: false
     0 | D:1      | 0 ||| qw: Do Orc after clearing Dungeon:15 true
     0 | D:1      | 0 ||| qw: Do second Lair branch before Depths: true
     0 | D:1      | 0 ||| qw: Lair rune preference: random
     0 | D:1      | 0 ||| qw: Goals: Normal
     0 | D:1      | 0 ||| PLANNING D:1-11
    83 | D:1      | Reached skill level 3 in Dodging
   211 | D:1      | Reached XP level 2. HP: 14/14 MP: 3/3
   524 | D:1      | 524 ||| UPGRADING to ring of protection from fire.
   525 | D:1      | 525 ||| READING scroll labelled HENUNOUNTI.
   525 | D:1      | 525 ||| ENCHANTING +0 shortbow.
   526 | D:1      | 526 ||| READING scroll labelled MOANTI XURAPNU.
   527 | D:1      | 527 ||| DRINKING 2 clear potions.
   528 | D:1      | 528 ||| DROPPING scroll of butterflies.
   551 | D:2      | 551 ||| STAIRDANCE
   573 | D:2      | Reached XP level 3. HP: 18/18 MP: 4/4
   862 | D:2      | 862 ||| UPGRADING to amulet of reflection.
   867 | D:2      | 867 ||| READING scroll labelled QOUCYST JOSYGH.
   868 | D:2      | 868 ||| READING 3 scrolls labelled IPTAIG LITSUN.
   969 | D:2      | 969 ||| READING scroll labelled BOVEEM LOIRO.
   970 | D:2      | 970 ||| DROPPING 2 scrolls of vulnerability.
   987 | D:3      | Noticed a scorpion
   996 | D:3      | HP: 2/18 [poisoned by a scorpion]
   997 | D:3      | 997 ||| DRINKING potion of heal wounds.
  1001 | D:3      | Killed a scorpion
  1001 | D:3      | Succumbed to a scorpion's poison

Levels and vault maps discovered:
D:1:      spicycebolla_green_bress_n_ham, layout_loops_ring
D:2:      layout_basic, st_stairs_14
D:3:      layout_basic, uniq_robin

Skill      XL: |  1  2 |
---------------+-------+-----
Dodging        | 3 4 |  4.0
Fighting       | |  1.5
Ranged Weapons | |  4.8
Stealth        | |  1.5

Action                     || total
---------------------------++-------
   Fire: Shortbow          ||    78
    Use: Scroll            ||     5
         Potion            ||     2
 Armour: Robe              ||    10
  Dodge: Dodged            ||    31
  Block: Other             ||     5

Table legend:
 A = Non-vault XP
 B = Vault XP
 C = Vault XP percentage of total XP
 D = Non-vault monster count
 E = Vault monster count
 F = Vault count percentage of total count
                 A         B        C        D         E       F
            +---------+---------+-------+---------+---------+-------
      Total |     156 |       3 |   1.9 |      32 |       2 |   5.9
            +---------+---------+-------+---------+---------+-------
        D:1 |      36 |       3 |   7.7 |      20 |       2 |   9.1
        D:2 |      32 |       0 |   0.0 |      11 |       0 |   0.0
        D:3 |      88 |       0 |   0.0 |       1 |       0 |   0.0
            +---------+---------+-------+---------+---------+-------
